[Event "Austrian Bundesliga 2023-24"]
[Site "Austria"]
[Date "2024.03.21"]
[Round "8.10"]
[White "Bosiocic, Marin"]
[Black "Froewis, Georg"]
[Result "1-0"]
[ECO "A13"]
[WhiteElo "2549"]
[BlackElo "2450"]
[Annotator "TA"]
[PlyCount "65"]
[EventDate "2023.10.21"]
[EventType "team-tourn"]
[EventCountry "AUT"]
[SourceTitle "playchess.com"]
[Source "ChessBase"]
[SourceQuality "1"]
[TimeControl "40/5400+30:1800+30"]

1. Nf3 d5 2. c4 e6 3. g3 Nf6 4. Bg2 d4 5. b4 a5 ({Günstiger ist} 5... Bxb4 $15 6. Qa4+ Nc6) 6. b5 $11 Bc5 7. Bb2 O-O 8. e3 {[%emt 0:00:48] Weiß steht etwas besser.} e5 9. Nxe5 Re8 10. f4 (10. Nf3 $14) 10... Nbd7 11. exd4 (11. Bxd4 Bxd4 12. exd4 Nxe5 (12... Nb6 13. h3 $11) 13. dxe5 Qd4 $17) 11... Nxe5 12. dxe5 {[%emt 0:00:20] Und d4 würde nun gewinnen.} (12. dxc5 Nf3+ (12... Nxc4+ $2 13. Be5 $19) 13. Kf2 Ng4+ 14. Kf1 Qd3+) 12... Ng4 13. Rf1 {[%emt 0:00:14] Verhindert Nf2} Bd4 (13... Nxh2 $11 14. Rh1 Ng4) 14. Qc2 $1 $16 {[%emt 0:03:11] Bxd4 wäre nun fies.} Bf5 15. Qxf5 {[%emt 0:00:08] Und jetzt Qc2 wäre schön.} Bxb2 16. Qxg4 {[%emt 0:00:27][%cal Og2b7] Zielt auf Bxb7! ab.} Bxa1 (16... Rb8 $16) 17. Bxb7 $18 Rb8 {[%emt 0:04:12] [#]} 18. Bd5 c6 19. Bxc6 ({Minderwertig wäre} 19. bxc6 Rxb1+ 20. Ke2 Rxf1 21. Kxf1 Qe7 $15) 19... Qd3 20. Kf2 (20. Qd1 $18 {ist viel giftiger.} Bxe5 21. fxe5 (21. Bxe8 Bd4 $11) 21... Rxe5+ 22. Kf2 Qxc4 23. Kg1 (23. Nc3 Rd8 $18)) 20... Bd4+ (20... Red8 $16 {war angesagt.}) 21. Kg2 Red8 22. Bd5 a4 23. Qf3 Qc2 24. Qe4 Qb2 25. Qd3 g6 26. Re1 Rxb5 27. Bxf7+ Kxf7 28. cxb5 Qxa2 29. Nc3 {[%emt 0:01:44] Wehrt Qd5+ ab} Qb3 30. e6+ Ke7 31. Qf3 (31. Qe4 $142 Kf6 32. e7 Re8 33. Qxd4+ Kf7 34. Qd7 (34. Nxa4 Qxb5 35. Nc3 Qb3 $18) 34... Qb4 35. Ne4 Qxe4+ 36. Rxe4) 31... Bxc3 {[%emt 0:00:40] [#]} 32. Qb7+ $1 (32. dxc3 Qxb5 33. Qe3 Qa5 $18) 32... Kd6 33. Qc6+ {[%emt 0:00:11] Gewichteter Fehlerwert: Weiß=0.12 (sehr präzise) /Schwarz=0.67.  Fehler:       	Weiß=2     	Schwarz=3     Ungenau:       	Weiß=1     	Schwarz=5     OK:         	Weiß=15    	Schwarz=7     Bester:       	Weiß=3     	Schwarz=3     Stark:        	Weiß=1     	---} 1-0

[Event "Austrian Bundesliga 2023-24"]
[Site "Austria"]
[Date "2024.03.21"]
[Round "8.11"]
[White "Balint, Peter"]
[Black "Saric, Ante"]
[Result "0-1"]
[ECO "B41"]
[WhiteElo "2345"]
[BlackElo "2505"]
[Annotator "TA"]
[PlyCount "84"]
[EventDate "2023.10.21"]
[EventType "team-tourn"]
[EventCountry "AUT"]
[SourceTitle "playchess.com"]
[Source "ChessBase"]
[SourceQuality "1"]
[TimeControl "40/5400+30:1800+30"]

1. e4 c5 2. Nf3 e6 3. d4 cxd4 4. Nxd4 a6 5. c4 Nf6 6. Nc3 Qc7 7. a3 Nc6 8. Be3 Bd6 9. Qd2 Nxd4 10. Bxd4 Bf4 {[%emt 0:01:26] Weiß steht etwas besser.} 11. Be3 Bxe3 12. Qxe3 d6 13. Be2 O-O 14. O-O e5 15. Rac1 Be6 16. Rfd1 Rac8 17. Na4 Qa5 18. Nb6 Rc6 19. Nd5 Qd8 {[%emt 0:13:25] Es drohte Ne7+} 20. Nb4 Rc5 21. Nd3 (21. g3 $1 $14) 21... Rxc4 $15 22. Rxc4 Bxc4 23. Nxe5 Bxe2 24. Qxe2 Re8 25. Nc4 Nxe4 26. Qd3 {[%emt 0:05:27][%cal Of2f3] Lässt Nc3 nicht zu} b5 $36 {[%emt 0:01:14][%mdl 2048] Schwarz hat Initiative.} 27. Ne3 (27. Nxd6 $2 {verliert.} Qxd6 28. h4 Rd8 (28... Qxd3 $2 29. Rxd3 g6 30. f3 $19) 29. Qxd6 Rxd6 $19) 27... Qg5 28. Re1 Qf4 29. Re2 g6 30. Qd1 Rc8 {[%emt 0:03:27] Schwarz steht deutlich aktiver.} (30... Nxf2 $142 31. Rxf2 Qxe3 32. Qxd6 Qc1+ 33. Rf1 Qe3+ (33... Qxb2 34. Qxa6 Qe5 35. h3 $17) 34. Rf2 Qa7) 31. Rc2 Rc5 {[%emt 0:01:41][%cal Oe4f2] [#] Droht stark ...Nxf2!} 32. b4 Rxc2 33. Qxc2 $17 {[%emt 0:00:06][%mdl 4096] Endspiel. KQN-KQN} Kg7 34. h3 h5 35. Qe2 Qe5 36. Qd3 Qa1+ 37. Nf1 Qe5 38. Ne3 Nf6 39. Nc2 Nd5 40. Nd4 (40. Kh1 $17) 40... Qe1+ $19 41. Kh2 $2 (41. Qf1 Qc3 42. Qd1) 41... Qxf2 {[%emt 0:04:59] ...Ne3 ist eine echte Drohung.} 42. Nxb5 {[%emt 0:02:28] [#]} (42. Nc2 $19 Qxg2+ 43. Kxg2 Nf4+ 44. Kf3 Nxd3 45. Ne3) 42... Ne3 {[%emt 0:00:15] Gewichteter Fehlerwert: Weiß=0.49/Schwarz=0.12 (sehr präzise) .  Fehler:       	Weiß=4     	Schwarz=1     Ungenau:       	Weiß=6     	Schwarz=1     OK:         	Weiß=9     	Schwarz=18    Bester:       	Weiß=1     	Schwarz=5} 0-1

[Event "Austrian Bundesliga 2023-24"]
[Site "Austria"]
[Date "2024.03.21"]
[Round "8.12"]
[White "Rogic, Davor"]
[Black "Steindl, Johannes"]
[Result "1-0"]
[ECO "B62"]
[WhiteElo "2418"]
[BlackElo "2302"]
[Annotator "RC"]
[PlyCount "73"]
[EventDate "2023.10.21"]
[EventType "team-tourn"]
[EventCountry "AUT"]
[SourceTitle "playchess.com"]
[Source "ChessBase"]
[SourceQuality "1"]
[TimeControl "40/5400+30:1800+30"]

1. e4 c5 2. Nf3 d6 3. d4 cxd4 4. Nxd4 Nf6 5. Nc3 Nc6 6. Bg5 e6 7. Qd3 Bd7 8. O-O-O a6 9. Nb3 b5 10. f4 h6 11. Bxf6 Qxf6 12. g3 Qd8 13. Bg2 Rc8 14. Kb1 Be7 15. h4 b4 16. Ne2 a5 17. Nd2 Na7 18. c4 bxc3 19. Nxc3 O-O 20. g4 Qb6 21. Nc4 Qb8 22. Ka1 Nb5 23. Ne2 a4 24. a3 Rc7 25. g5 Rfc8 26. Ne3 h5 27. f5 Be8 28. Bh3 Nxa3 29. Qxa3 d5 30. Qa2 a3 31. b3 Qb6 32. fxe6 fxe6 33. Qd2 Bb4 34. Bxe6+ Qxe6 35. Qxb4 Bg6 36. Nxd5 Bxe4 37. Nxc7 1-0

[Event "Austrian Bundesliga 2023-24"]
[Site "Austria"]
[Date "2024.03.21"]
[Round "8.13"]
[White "Mamedyarov, Shakhriyar"]
[Black "Vogel, Roven"]
[Result "1/2-1/2"]
[ECO "D31"]
[WhiteElo "2734"]
[BlackElo "2521"]
[Annotator "TA"]
[PlyCount "162"]
[EventDate "2023.10.21"]
[EventType "team-tourn"]
[EventCountry "AUT"]
[SourceTitle "playchess.com"]
[Source "ChessBase"]
[SourceQuality "1"]
[TimeControl "40/5400+30:1800+30"]

1. d4 d5 2. c4 e6 3. Nc3 a6 4. cxd5 exd5 5. Nf3 Nf6 6. Bg5 Be6 7. e3 Nbd7 8. Bd3 {[%emt 0:01:13] White has an edge.} Bd6 9. h3 c6 10. Qd2 Qc7 11. a3 (11. Bf4 $14) 11... O-O 12. Bf4 Nb6 13. Bxd6 Qxd6 14. O-O Qe7 15. Qc2 g6 16. b4 Nc8 17. Rab1 Nd6 18. a4 Rfc8 19. Rfe1 a5 20. Qb2 Nfe4 21. Bxe4 dxe4 (21... Nc4 $5 22. Qc2 (22. Qb3 $2 dxe4 23. Nxe4 Nd2 $19) 22... Na3 $15 (22... dxe4 23. Qxe4 axb4 24. d5 $11)) 22. Nd2 Nc4 23. Nxc4 Bxc4 24. bxa5 Rc7 25. Qd2 Bd3 26. Rbc1 (26. Rb6 $14) 26... Qg5 $11 27. d5 cxd5 28. Nb5 Rc4 29. Nd6 $1 Rxa4 (29... Rxc1 $14 30. Rxc1 d4) 30. Qb2 Rf8 $1 (30... R4xa5 $2 {perishes.} 31. Nxf7 Kxf7 32. Rc7+ Ke6 33. Qxb7 $18 (33. Qb6+ Ke5 $18)) 31. Rc5 {[%emt 0:07:45][%cal Oe1c1,Bc1c5,Bc5d5,Bd5e5,Be5e7][%mdl 32] Really sharp!} Qe7 $1 32. Rxd5 $40 {[%emt 0:01:14][%cal Oe1c1][%mdl 128] Black needs to defend precisely.} Qe6 33. Qe5 Qxe5 34. Rxe5 Rb4 (34... Ra8 $14) 35. Re7 $16 {[%emt 0:00:01] White is more active.} b6 {[%emt 0:00:35] [#]} (35... b5 $16 {was necessary.}) 36. Rc1 $1 $18 bxa5 37. Rcc7 Kg7 38. Nxf7 Kf6 39. h4 $2 (39. g4 $18 {Threatening mate with g5+.} h6 40. Kg2 (40. Nxh6 Kg5 $18)) 39... Rc4 {[%emt 0:00:43] [#]} 40. Ra7 ({White should play} 40. Rcd7 $1 $16 {And now Ng5 would win.} Rc1+ 41. Kh2) 40... Rc1+ 41. Kh2 {[%emt 0:00:10][%cal Of7g5] aiming for Ng5!} Ra8 $1 42. Nh6 {[%emt 0:15:07] Intending Ng4+ and mate.} (42. Rxa8 {simplifies} Kxe7 43. Ne5 Rc2 44. Kg3) 42... Rxa7 43. Ng8+ Kf5 {[%emt 0:00:05] Threatens to win with ...Rxe7.} 44. Rxa7 $11 {[%emt 0:00:01][%mdl 4096] Endgame. KRB-KRN} Ra1 ({Better is} 44... Rc5 $11) 45. Rxh7 $14 {[%emt 0:03:03] Ne7+ would now be deadly.} a4 46. Ne7+ Kf6 47. Nd5+ $1 Ke5 48. Nc3 ({White should try} 48. Nf4 $16 Kf6 49. Rh8) 48... Ra3 $1 $11 {[%emt 0:01:11] The position is equal.} 49. Rc7 Kd6 {[%emt 0:00:21] Inhibits Rc6+.} 50. Rc8 Kd7 $1 51. Rc5 Kd6 52. Nxa4 Rxa4 {[%emt 0:00:06] KRB-KR} 53. Rg5 Ra2 54. Rxg6+ Ke5 55. Kg3 Ra1 56. Rg5+ Kf6 57. Kg4 Rg1 58. Kf4 Rf1 59. Rf5+ Kg6 60. h5+ Kh6 61. Rf6+ Kh7 62. Kg5 Rg1 63. g3 Be2 64. Rh6+ Kg8 65. Rg6+ Kh7 66. Re6 Rg2 67. Re7+ Kg8 68. Rxe4 {[%emt 0:00:22] Rf4 is the strong threat.} Rxf2 69. g4 Rf7 70. Kh4 Bf3 71. Re8+ Kg7 72. g5 Ra7 73. e4 {[%emt 0:00:09] Strongly threatening g6.} Ra4 74. h6+ Kh7 75. Re7+ Kh8 76. g6 Rxe4+ 77. Rxe4 Bxe4 78. Kg5 Bxg6 79. Kxg6 Kg8 80. h7+ Kh8 81. Kf6 Kxh7 {[%emt 0:00:10] Blacks defense is rewarded with a draw.   Weighted Error Value: White=0.15 (very precise) /Black=0.20 (precise) .  Missed win:     	White=2     	---        Mistake:       	White=4     	Black=4      Inaccurate:     	White=2     	Black=3      OK:         	White=28    	Black=31     Best:        	White=4     	Black=7      Strong:       	White=3     	Black=5} 1/2-1/2

[Event "Austrian Bundesliga 2023-24"]
[Site "Austria"]
[Date "2024.03.21"]
[Round "8.14"]
[White "Votava, Jan"]
[Black "Vachier-Lagrave, Maxime"]
[Result "0-1"]
[ECO "E06"]
[WhiteElo "2441"]
[BlackElo "2728"]
[Annotator "TA"]
[PlyCount "123"]
[EventDate "2023.10.21"]
[EventType "team-tourn"]
[EventCountry "AUT"]
[SourceTitle "playchess.com"]
[Source "ChessBase"]
[SourceQuality "1"]
[TimeControl "40/5400+30:1800+30"]

1. d4 Nf6 2. c4 e6 3. Nf3 d5 4. g3 Be7 5. Bg2 O-O 6. O-O a5 7. Nbd2 {[%emt 0:08:31] E06: Closed Catalan: Early deviations.} c5 $146 ({Predecessor:} 7... c6 8. Qc2 b6 9. e4 Ba6 10. b3 Nbd7 11. Bb2 Rc8 12. Rad1 a4 13. Rfe1 h6 14. bxa4 Qc7 15. e5 Ne8 16. a5 dxc4 17. Nxc4 bxa5 18. Nfd2 Nb6 {½-½ Korobov,A (2690)-Moussard,J (2632) FIDE Grand Swiss 2021 (4)}) 8. cxd5 exd5 9. dxc5 Nc6 10. a4 Bxc5 11. Nb3 Bb6 12. Nbd4 Re8 13. Bg5 h6 14. Bxf6 Qxf6 15. e3 Bg4 16. Qb3 Nb4 (16... Bxd4 17. Nxd4 Nxd4 18. exd4 $15) 17. Rfc1 Rac8 18. Rc3 Bc5 19. h3 Bh5 20. Rac1 b6 21. Ne1 Bg6 22. Nb5 Rcd8 23. Nf3 $1 Be4 24. Nfd4 Qg6 25. Rd1 Bb1 26. Rcc1 Ba2 27. Qc3 Bc4 28. Ra1 (28. Qd2 $1 $11 {remains equal.}) 28... Rc8 ({Black should play} 28... Bxb5 $17 29. axb5 Rc8) 29. Qd2 h5 (29... Bxb5 $5 30. Nxb5 Nc2 $15) 30. h4 {[%emt 0:00:50] [#]} (30. Bf1 $11 {keeps the balance.}) 30... Bxb5 $1 $17 31. Nxb5 {[%emt 0:02:30] [#]} Nc2 $1 32. Rac1 Nxe3 $1 33. Rxc5 (33. fxe3 $2 Bxe3+ $19) 33... Rxc5 (33... bxc5 $17 34. fxe3 Qxg3) 34. fxe3 $2 ({Only move:} 34. Re1 $1 $15 Rc2 35. Qd4) 34... Qxg3 $19 35. Qf2 Rxe3 36. Qxg3 Rxg3 37. Nc3 Rg4 38. Kf2 d4 (38... Rxh4 39. Rd2) 39. Ne2 Rxh4 40. Nxd4 Rc4 41. Ke3 Rxa4 42. Nf5 Rhf4 (42... Rhb4 $142 43. Rd8+ Kh7) 43. b3 $19 Rab4 44. Ne7+ Kh7 45. Nd5 Rg4 (45... Rxb3+ 46. Kxf4 h4 47. Rc1 $18) 46. Nxb4 Rxg2 ({Much less strong is} 46... Rxb4 47. Rd7 $17) 47. Nd3 h4 48. Ne5 $2 (48. Ne1 Rb2 49. Rd3) 48... f6 $19 49. Nf3 Rg4 ({Not} 49... h3 50. Rh1 $11) 50. Rd4 $2 (50. Rd5) 50... Rxd4 $19 51. Nxd4 g5 52. Kf3 Kh6 53. Nf5+ Kh5 54. Nd6 g4+ 55. Kf4 h3 56. Kg3 Kg5 57. Nc4 f5 58. Nxb6 f4+ 59. Kh2 Kh4 60. Nc4 g3+ 61. Kh1 f3 62. Nxa5 0-1

[Event "Austrian Bundesliga 2023-24"]
[Site "Austria"]
[Date "2024.03.21"]
[Round "8.15"]
[White "Vitiugov, Nikita"]
[Black "Lanka, Zigurds"]
[Result "1-0"]
[ECO "E11"]
[WhiteElo "2688"]
[BlackElo "2357"]
[Annotator "RC"]
[PlyCount "97"]
[EventDate "2023.10.21"]
[EventType "team-tourn"]
[EventCountry "AUT"]
[SourceTitle "playchess.com"]
[Source "ChessBase"]
[SourceQuality "1"]
[TimeControl "40/5400+30:1800+30"]

1. d4 Nf6 2. c4 e6 3. Nf3 Bb4+ 4. Nbd2 b6 5. a3 Bxd2+ 6. Nxd2 c5 7. e4 O-O 8. dxc5 bxc5 9. e5 Ne8 10. Bd3 Nc6 11. Nf3 f6 12. exf6 Nxf6 13. O-O Qc7 14. Re1 d6 15. Bg5 Rb8 16. Rb1 a5 17. h3 e5 18. Nd2 Nd4 19. b3 Bb7 20. Re3 Bc6 21. Rb2 Kh8 22. Nb1 Rb6 23. Nc3 Qb7 24. f4 Rxb3 25. Rxb3 Nxb3 26. Nb5 Nd4 27. Nxd6 Qb2 28. Rg3 Ne6 29. Bxf6 Rxf6 30. Qh5 e4 31. Bxe4 Bxe4 32. Qe8+ Nf8 33. Nxe4 Rxf4 34. Rg4 Qa1+ 35. Kh2 Rf1 36. Ng3 Rf2 37. Qe3 Qb2 38. Nh5 Qb8+ 39. Kg1 Rb2 40. Rf4 Ng6 41. Rf1 Nh4 42. Nf4 Qa8 43. Qg3 Nf5 44. Qg5 Ne3 45. Re1 Nxc4 46. Rd1 Rb8 47. Rd7 Rg8 48. Ng6+ hxg6 49. Qh4# 1-0

[Event "Austrian Bundesliga 2023-24"]
[Site "Austria"]
[Date "2024.03.21"]
[Round "8.16"]
[White "Platzgummer, Fabian"]
[Black "Maghsoodloo, Parham"]
[Result "0-1"]
[ECO "E08"]
[WhiteElo "2304"]
[BlackElo "2717"]
[Annotator "TA"]
[PlyCount "110"]
[EventDate "2023.10.21"]
[EventType "team-tourn"]
[EventCountry "AUT"]
[SourceTitle "playchess.com"]
[Source "ChessBase"]
[SourceQuality "1"]
[TimeControl "40/5400+30:1800+30"]

1. Nf3 Nf6 2. c4 e6 3. g3 d5 4. Bg2 Be7 5. O-O O-O 6. d4 Nbd7 7. Qc2 a5 8. Nbd2 a4 9. e4 c6 {[%emt 0:16:54] White is slightly better.} 10. Rd1 h6 11. cxd5 cxd5 12. e5 Nh7 13. Nf1 Nb8 14. h4 Nc6 15. Be3 Bd7 16. Rac1 a3 17. b3 Qb6 18. N1h2 Rfc8 19. Qb1 Nb4 20. Ne1 Bb5 21. Bf1 {[%emt 0:01:51] Prevents Be2.} Bxf1 22. Nxf1 Qb5 23. Bd2 Nf8 (23... Nc6 {keeps more tension.} 24. Nf3 Qe2 25. Kg2 Qe4) 24. Bxb4 Bxb4 25. Rc2 Bc3 26. Rdc1 Qb4 27. Nf3 Rc6 28. Ne3 Rac8 $1 (28... Bxd4 29. Rxc6 bxc6 30. Nc2 Bxf2+ 31. Kxf2 Qb6+ 32. Kg2 $16) 29. Kg2 Ng6 (29... Bxd4 $2 30. Rxc6 bxc6 (30... Rxc6 $2 31. Rxc6 Bxe3 32. Rc8 $18) 31. Nc2 $18) (29... Bb2 $1 $15 30. Rd1 Rxc2 31. Nxc2 Qb5) 30. Rd1 (30. Nc4 $1 $11) 30... Ne7 $15 31. Rd3 Qb6 32. Nd1 ({White should try} 32. Qd1 $15) 32... Ba5 $17 {[%emt 0:03:02] Black is more active.} 33. Ne3 Qb5 (33... Rxc2 $17 34. Nxc2 Qc6) 34. Rxc6 $11 Nxc6 35. b4 Bb6 (35... Bxb4 36. Rxa3 Na5 37. Ne1 $11) ({Black should play} 35... Qxb4 $11 36. Rb3 Qa4) 36. Qd1 (36. Rc3 $14) 36... Qxb4 37. Nc2 (37. Rb3 $5 Qa5 $8 38. Nc2 $11) 37... Qf8 (37... Qc4 $15 {should be considered.}) 38. Rb3 Ba5 39. Rxa3 Bd8 40. Rc3 Ra8 41. Qb1 Qe7 42. Rb3 Na5 43. Rb5 Rc8 44. Ne3 b6 45. Qd3 Nc4 46. Nd2 Qb7 47. a4 {[%emt 0:00:40] [#]} ({Better is} 47. Rb3 $15) 47... Qa8 $1 $17 48. Rb4 (48. Rb1 $17 {might work better.}) 48... Be7 (48... Qa5 $19 49. Rxc4 (49. Nc2 $2 Nxd2 50. Rb2 Nc4 $19) 49... dxc4 50. Ndxc4 Qxa4) 49. Rb3 {[%emt 0:00:04] Now White is beyond hope.} (49. Rb1 $17) 49... Qxa4 $19 {[%emt 0:00:22] Threatens to win with ...Nxd2.} 50. Nf3 (50. Rb1 $142) 50... b5 51. g4 g6 52. Qb1 (52. h5 $142 g5 53. Qb1) 52... b4 53. h5 g5 54. Nxd5 (54. Rd3 $142) 54... exd5 55. e6 Qe8 {[%emt 0:01:45] Weighted Error Value: White=0.28 (precise) /Black=0.15 (very precise) .  Mistake:       	White=9     	Black=5      Inaccurate:     	White=5     	Black=4      OK:         	White=14    	Black=20     Strong:       	---       	Black=1} ({Not} 55... fxe6 56. Qg6+ Kf8 57. Rd3 $17 (57. Qxh6+ Ke8 $11)) 0-1

[Event "Austrian Bundesliga 2023-24"]
[Site "Austria"]
[Date "2024.03.21"]
[Round "8.17"]
[White "Vallejo Pons, Francisco"]
[Black "Tabernig, Bernhard"]
[Result "1-0"]
[ECO "C00"]
[WhiteElo "2653"]
[BlackElo "2250"]
[Annotator "TA"]
[PlyCount "59"]
[EventDate "2023.10.21"]
[EventType "team-tourn"]
[EventCountry "AUT"]
[SourceTitle "playchess.com"]
[Source "ChessBase"]
[SourceQuality "1"]
[TimeControl "40/5400+30:1800+30"]

1. e4 e6 2. b3 c5 3. Bb2 b6 4. Nc3 Bb7 5. d4 cxd4 6. Qxd4 Nc6 7. Qe3 Nf6 8. O-O-O {[%emt 0:06:55] Die Stellung ist ausgeglichen.} Qb8 (8... Rc8 $1 $11) 9. Nh3 h6 10. f4 {[%emt 0:09:21] Weiß steht aktiver.} Bc5 11. Qg3 g5 12. Nb5 (12. fxg5 Qxg3 13. hxg3 hxg5 $14) 12... Nxe4 13. Qe1 d5 14. Bxh8 (14. Bd3 $18) 14... g4 $16 {[%emt 0:00:10] [#]} 15. Nc3 $1 Nxc3 16. Bxc3 (16. Qxc3 $142 {Schwarz muss nun Ng1 beachten.} gxh3 17. Qxh3 Qxf4+ 18. Kb1) 16... gxh3 17. g3 $36 {[%emt 0:00:22][%cal Of4f5][%mdl 2048] f5! ist eine echte Drohung. Schwarz muss aufpassen.} (17. Rxd5 Qxf4+ 18. Bd2 Qf6 $15) 17... d4 18. Bb2 Nb4 {[%emt 0:03:27] Danach kann Schwarz die Partie nicht mehr halten.} (18... Qc7 $16) 19. a3 $18 (19. Bb5+ Kf8 $16) 19... Na2+ {[%emt 0:04:32] [#]} (19... Bxh1 $2 20. axb4 Bf3 21. bxc5 (21. Rd3 Bg2 $18) 21... bxc5 22. Be2 Bxe2 23. Qxe2 $18) (19... Nd5 20. b4 (20. Bxd4 Qd6 $16) (20. Bxh3 Ne3 $16) 20... Ne3) 20. Kb1 Bxh1 (20... Nc3+ $142 21. Bxc3 dxc3 22. Bb5+ Kf8 23. Qxc3 Kg8) 21. Bb5+ (21. Kxa2 Qc7 $16 (21... Bf3 22. Rd2 $16)) 21... Kf8 22. Qxh1 Nc3+ 23. Bxc3 dxc3 24. Bc6 Qc8 25. Bxa8 Qa6 26. Qf3 Qa5 27. a4 (27. Rd8+ $142 Ke7 28. Rc8 Bf2 29. Qxf2 Qxa3 30. Rc7+ (30. Rxc3 Qb4 $18) 30... Kf8 31. Rxc3 (31. Rc8+ Ke7 $18) 31... Qd6 32. f5 (32. Rc8+ Ke7 $18) 32... exf5 33. Rc8+ Kg7 34. Qxf5) 27... Qb4 28. Qd3 (28. f5 $142 exf5 29. Qxf5 Bd4 30. Qc8+ (30. Qxh3 Qa3 $18) 30... Kg7 31. Qg4+ (31. Qxh3 Qa3 $11) 31... Kf6 32. Rxd4 (32. Qxd4+ Qxd4 33. Rxd4 h5 $18) 32... Qxd4 33. Qxd4+ Ke7 34. Bd5 (34. Qxc3 Ke6 35. Qc6+ Ke7 36. Qc7+ Ke6 37. Qxa7 h5 38. Qxb6+ Ke5 39. Qc5+ Kf6)) 28... Be7 29. Qc4 Qa5 30. Qb5 {[%emt 0:00:32] Gewichteter Fehlerwert: Weiß=0.41/Schwarz=0.97.  Fehler:       	Weiß=2     	Schwarz=5     Ungenau:       	---       	Schwarz=1     OK:         	Weiß=5     	Schwarz=4     Bester:       	Weiß=2     	Schwarz=4} 1-0

[Event "Austrian Bundesliga 2023-24"]
[Site "Austria"]
[Date "2024.03.21"]
[Round "8.18"]
[White "Schiestl, Josef"]
[Black "Bacrot, Etienne"]
[Result "0-1"]
[ECO "B24"]
[WhiteElo "2064"]
[BlackElo "2680"]
[Annotator "TA"]
[PlyCount "76"]
[EventDate "2023.10.21"]
[EventType "team-tourn"]
[EventCountry "AUT"]
[SourceTitle "playchess.com"]
[Source "ChessBase"]
[SourceQuality "1"]
[TimeControl "40/5400+30:1800+30"]

1. e4 c5 2. Nc3 Nc6 3. Bb5 Nd4 4. Nf3 Nxb5 5. Nxb5 d6 6. d4 Nf6 7. Nc3 cxd4 8. Qxd4 e5 {[%emt 0:00:08] Weiß hat minimalen Vorteil.} 9. Qd3 h6 {[%emt 0:00:05] Wehrt Bg5 ab} 10. O-O Be7 11. Rd1 O-O 12. Nd2 Be6 13. Nc4 Qc7 14. Ne3 Rfc8 15. Bd2 Qc6 16. Rac1 a6 17. Be1 b5 18. Ncd5 Bxd5 19. Nxd5 Nxd5 20. exd5 Qd7 21. Bd2 Rc4 22. c3 Bg5 23. Re1 Rac8 24. Rcd1 f5 25. f3 Ra4 26. Ra1 Rac4 {[%emt 0:05:05] Schwarz steht aktiver.} 27. Rad1 Qf7 28. Be3 Bxe3+ 29. Rxe3 b4 30. b3 (30. Ree1 $17) 30... Rxc3 $19 31. Qxa6 Qc7 32. Re2 (32. Ree1 $142) 32... Qc5+ $17 33. Kf1 (33. Kh1 $17) 33... e4 $19 34. fxe4 $2 {[%emt 0:05:11] [#]} (34. Red2) 34... fxe4 35. g3 Rf8+ 36. Kg2 Rcf3 (36... Rc2 $142 {( -> ...Rf2+)} 37. Rf1 Rxf1 38. Kxf1 Rc1+ 39. Re1 Rxe1+ 40. Kxe1 Qg1+ (40... Qxd5 41. Qb6 $17) 41. Ke2 Qxh2+ 42. Ke3 Qxg3+ 43. Kxe4 h5) 37. Qc4 $2 (37. Rde1) 37... Rf2+ 38. Kh3 Qxc4 {[%emt 0:00:09] Gewichteter Fehlerwert: Weiß=0.59/Schwarz=0.29 (präzise) .  Fehler:       	Weiß=4     	---        Ungenau:       	Weiß=5     	Schwarz=1     OK:         	Weiß=6     	Schwarz=9     Bester:       	Weiß=3     	Schwarz=2} 0-1

[Event "Austrian Bundesliga 2023-24"]
[Site "Austria"]
[Date "2024.03.21"]
[Round "8.19"]
[White "Janzelj, Tim"]
[Black "Kadric, Denis"]
[Result "1/2-1/2"]
[ECO "A53"]
[WhiteElo "2403"]
[BlackElo "2560"]
[Annotator "TA"]
[PlyCount "60"]
[EventDate "2023.10.21"]
[EventType "team-tourn"]
[EventCountry "AUT"]
[SourceTitle "playchess.com"]
[Source "ChessBase"]
[SourceQuality "1"]
[TimeControl "40/5400+30:1800+30"]

1. d4 Nf6 2. c4 d6 3. Nf3 Nbd7 4. Nc3 e5 5. g3 g6 6. Bg2 Bg7 7. O-O O-O 8. Qc2 exd4 9. Nxd4 Nb6 10. Na4 c6 11. Rd1 Re8 12. Bf4 d5 13. Nxb6 Qxb6 14. Qb3 dxc4 15. Qxc4 {[%emt 0:00:13] The position is equal.} Nd5 16. Bxd5 cxd5 17. Qb5 Bh3 (17... Bxd4 $2 {too greedy.} 18. Qxe8+ Kg7 19. Rxd4 $18) 18. Qxb6 axb6 19. e3 Rec8 20. f3 h6 21. Rd2 g5 22. Bd6 Bxd4 23. exd4 Rc6 24. Ba3 Ra4 25. Kf2 Be6 26. g4 Kg7 27. Be7 Rac4 28. h4 f6 29. hxg5 hxg5 30. a3 Kf7 {[%emt 0:00:27] A rather calm draw.   Weighted Error Value: White=0.05 (flawless) /Black=0.05 (flawless) .  Inaccurate:     	White=1     	---        OK:         	White=10    	Black=7} 1/2-1/2